AoeStats
← OmarGutieG

MegaRandom

507535625Analyzed
2v2 RM · 14d ago on Sep 18, 2026· 39m 1s· 4 players
Game mode
Random Map
Map size
Medium (4 player)
Population
200
Speed
Normal
Resources
Standard
Victory
Conquest
Starting age
Dark Age
Ending age
Imperial Age
RankedLock teamsTeams togetherTeam positionsShared explorationLock speedFull tech treeHidden civsTurbo modeCheats
Victory
Defeat
🇲🇽 Magyars · Mexico
1311
+16
🇲🇽 Mongols · Mexico
1290
+16
🇨🇦 Georgians · Canada
1310
-16
🇨🇦 Jurchens · Canada
1309
-16
armigame1
7:27 Loom
11:15 Feudal Age
16:16 Castle Age
14:46 Double-Bit Axe
15:55 Horse Collar
17:14 Heavy Plow
18:50 Gold Mining
23:06 Wheelbarrow
23:41 Bow Saw
26:46 Gold Shaft Mining
26:17 Husbandry
26:41 Town Watch
27:06 Scale Barding Armor
29:53 Imperial Age
27:54 Bloodlines
29:49 Hand Cart
30:14 Cavalier
32:45 Chemistry
33:17 Chain Barding Armor
34:36 Plate Barding Armor
35:42 Conscription
35:16 Light Cavalry
38:03 Hussar
38:31 Paladin
OmarGutieG
6:49 Loom
8:41 Loom
10:49 Feudal Age
15:37 Castle Age
14:23 Double-Bit Axe
17:26 Wheelbarrow
17:38 Bow Saw
19:14 Fletching
19:24 Elite Skirmisher
22:58 Town Watch
25:28 Ballistics
25:38 Padded Archer Armor
27:53 Horse Collar
28:25 Bodkin Arrow
30:00 Hand Cart
30:11 Thumb Ring
37:58 Imperial Age
35:59 Heavy Plow
36:36 Town Patrol
37:08 Scale Barding Armor
37:07 Gold Mining
39:04 Conscription
Dangman
8:06 Loom
12:03 Feudal Age
12:53 Double-Bit Axe
15:50 Castle Age
16:07 Horse Collar
17:10 Loom
18:15 Wheelbarrow
17:33 Loom
24:25 Bloodlines
24:23 Scale Barding Armor
24:58 Husbandry
25:35 Forging
27:38 Hand Cart
28:14 Iron Casting
30:03 Chain Barding Armor
30:28 Bow Saw
30:13 Gold Mining
30:30 Heavy Plow
33:37 Imperial Age
30:59 Town Watch
33:00 Chain Barding Armor
35:00 Plate Barding Armor
34:00 Elite Steppe Lancer
36:30 Blast Furnace
Mesonicplatypus
11:09 Feudal Age
14:54 Castle Age
12:46 Double-Bit Axe
12:57 Fletching
14:27 Padded Archer Armor
17:15 Bow Saw
17:29 Loom
19:45 Wheelbarrow
19:47 Horse Collar
21:30 Bodkin Arrow
22:55 Gold Mining
31:45 Imperial Age
30:13 Leather Archer Armor
30:53 Hand Cart
31:17 Ballistics
32:27 Heavy Cavalry Archer
33:35 Parthian Tactics
33:04 Town Watch
33:25 Bracer
35:09 Treadmill Crane
Connection lost

Rejoining the realm…

Still unreachable

The connection could not be restored.

Session expired

The server has moved on; the page needs a fresh start.